 Dungeon Crawl Stone Soup version 0.31.0-32-g396128a36d (webtiles) character file.

Game seed: 10016981912007366355

6983 Peloso the Carver (level 10, -1/90 HPs)
             Began as a Minotaur Fighter on Mar 23, 2024.
             Killed from afar by an acid dragon (15 damage)
             ... with a splash of acid
             ... on level 10 of the Dungeon.
             The game lasted 00:17:22 (10292 turns).

Peloso the Carver (Minotaur Fighter)               Turns: 10292, Time: 00:17:23

Health: -1/90      AC: 15    Str: 25 (27) XL:     10   Next: 81%
Magic:  9/9        EV:  8    Int:  2 (5)  God:
Gold:   587        SH: 11    Dex: 13 (14) Spells: 9/9 levels left

rFire   . . .        a - +1 demon blade (drain)
rCold   . . .        d - +0 buckler
rNeg    . . .        H - +0 plate armour
rPois   +            (helmet restricted)
rElec   .            o - +0 cloak
rCorr   .            (no gloves)
SInv    .            (no boots)
Will    .....        k - amulet of reflection Stlth
                     h - +6 ring of strength
HPRegen 0.35/turn    l - ring of poison resistance
MPRegen 0.11/turn

%: reflection
@: no status effects
A: horns 2, retaliatory headbutt
a: no special abilities


You were on level 10 of the Dungeon.
You visited 2 branches of the dungeon, and saw 11 of its levels.

You collected 619 gold pieces.
You spent 32 gold pieces at shops.

Inventory:

Hand Weapons
 a - a +1 demon blade of draining (weapon)
 b - a +1 trident of flaming
Armour
 c - a +1 chain mail
 d - a +0 buckler (worn)
 o - a +0 cloak (worn)
 H - a +0 plate armour (worn)
Jewellery
 h - a +6 ring of strength (left hand)
 k - an amulet of reflection (around neck)
 l - a ring of poison resistance (right hand)
 r - a +4 ring of protection
 u - a ring of ice
Talismans
 z - a maw talisman
Wands
 f - a wand of polymorph (8)
 x - a wand of mindburst (17)
 G - a wand of charming (8)
Scrolls
 g - 2 scrolls of immolation
 m - a scroll of teleportation
 n - a scroll of enchant armour
 q - a scroll of poison
 s - 2 scrolls of fear
 y - a scroll of summoning
 E - a scroll of fog {unknown}
 F - 2 scrolls of acquirement {unknown}
Potions
 e - 2 potions of enlightenment
 i - a potion of brilliance
 j - 2 potions of mutation
 p - a potion of lignification {unknown}
 t - a potion of ambrosia {unknown}
 v - a potion of berserk rage {unknown}
 D - a potion of attraction {unknown}


   Skills:
 + Level 8.5 Fighting
 + Level 12.9 Long Blades
 + Level 9.4 Armour
 + Level 3.1 Dodging
 + Level 1.0 Stealth
 + Level 9.8 Shields


You had 9 spell levels left.
You didn't know any spells.
Your spell library contained the following spells:

 Spells                   Type           Power      Damage    Failure   Level
 Apportation              Tloc           0%         N/A       100%        1
 Necrotise                Necr           0%         1d4       100%        1
 Sting                    Conj/Alch      0%         1d3       100%        1
 Summon Small Mammal      Summ           0%         N/A       100%        1


Dungeon Overview and Level Annotations

Branches:
Dungeon (10/15)            Temple (1/1) D:4             Orc (0/2) D:9
   Lair: D:8-11

Altars:
Ashenzari
Cheibriados
Dithmenos
Fedhas
Hepliaklqana
Makhleb
Nemelex Xobeh
Qazlal
Sif Muna
Trog
Uskayaw
Vehumet
Wu Jian
Yredelemnul
Zin
The Shining One

Shops:
D:2 (   D:3 :*:   D:8 [

Portals:
Bailey: D:10

Annotations:
D:7 Jeremiah


Innate Abilities, Weirdness & Mutations

You have a pair of horns on your head.
You reflexively headbutt those who attack you in melee.


Message History

You slash the goblin!
You kill the goblin!
Unknown command.
You barely miss the acid dragon. Your headbutt misses the acid dragon.
The acid dragon is heavily wounded.
You block the acid dragon's attack. The acid dragon barely misses you.
You barely miss the acid dragon.
The acid dragon is heavily wounded.
The shadow slips into darkness.
The shadow flickers and vanishes!
Deactivating autopickup; reactivate with Ctrl-A.
The acid dragon bites you. You block the acid dragon's attack.
You closely miss the acid dragon.
The acid dragon is heavily wounded.
You hit the acid dragon but do no damage.
You drain the acid dragon.
The acid dragon is severely wounded.
You block the acid dragon's attack.
The acid dragon claws you but does no damage.
You hit the acid dragon.
The acid dragon is severely wounded.
The shadow strikes at you from the darkness!
Reactivating autopickup.
You hit the acid dragon but do no damage.
You drain the acid dragon.
You headbutt the acid dragon, but do no damage.
The acid dragon is severely wounded.
The acid dragon spits acid at you. The splash of acid hits you!!
* * * LOW HITPOINT WARNING * * *
The shadow barely misses you. You furiously retaliate!
You headbutt the shadow!
You feel better.
The acid dragon bites you but does no damage.
You block the acid dragon's attack. The shadow closely misses you.
Unknown command.
You closely miss the acid dragon. Your headbutt misses the acid dragon.
The acid dragon is severely wounded.
The acid dragon spits acid at you. The splash of acid hits you!
You die...

.###....#....### ..##
..#....##......####..?#.
......#.........#.......
.....##.~≈~~≈~≈.........
........~#####~.........
...##...~#...#≈..D......
...#...[≈#.∩..~).##.....
........~#.$.#~D###.....
........≈#####~.@W......
........~~~~~~~.#..#....
[..<..#............... .
..))..###...............
..............#.........
...............##.......
.#............# ....$..
##..........# .##....
..........


You could see an acid dragon (catching breath, very drained) and a shadow.

Vanquished Creatures
  Harold (D:9)
  A hornet (D:8)
  A troll (D:9)
  12 yaks
  A steam dragon (D:9)
  A warg (D:9)
  Menkaure (D:7)
  Duvessa (D:6)
  2 acid dragons
  A hornet zombie (D:6)
  An ice beast (D:8)
  4 orc warriors (D:9)
  3 black bears
  2 ogres (D:4)
  3 centaurs
  A phantom (D:7)
  2 kobold brigands
  3 bullfrogs
  2 gnoll sergeants (D:5)
  4 scorpions
  A wyvern skeleton (D:6)
  3 wights (D:8)
  Dowan (D:7)
  5 howler monkeys
  2 jellies
  A bombardier beetle (D:5)
  A bullfrog zombie (D:6)
  3 hounds
  A gnoll bouda (D:6)
  3 orc priests
  2 sleepcaps
  2 iguanas
  8 orc wizards
  3 killer bee zombies (D:6)
  2 howler monkey zombies (D:6)
  19 gnolls
  A howler monkey skeleton (D:6)
  6 adders
  A white imp (D:8)
  2 dart slugs
  4 ribbon worms
  49 orcs
  8 endoplasms
  5 giant cockroaches
  13 goblins
  7 hobgoblins
  2 jackals (D:5)
  3 quokkas
  10 ball pythons
  7 bats
  11 frilled lizards
  20 kobolds
  6 rats
259 creatures vanquished.

Vanquished Creatures (others)
  A bombardier beetle (D:7)
1 creature vanquished.

Grand Total: 260 creatures vanquished

Notes
Turn   | Place    | Note
-------+----------+-------------------------------------------
     0 | D:1      | Peloso the Minotaur Fighter began the quest for the Orb.
     0 | D:1      | Reached XP level 1. HP: 19/19 MP: 0/0
   108 | D:1      | Found a faded altar of an unknown god.
   176 | D:1      | Reached XP level 2. HP: 11/27 MP: 1/1
   631 | D:1      | Reached skill level 3 in Long Blades
   699 | D:1      | Reached XP level 3. HP: 32/33 MP: 2/2
  1196 | D:2      | Found Kecesiut's Antique Weapon Emporium.
  1933 | D:3      | Reached XP level 4. HP: 38/40 MP: 3/3
  2163 | D:3      | Reached skill level 4 in Long Blades
  2243 | D:3      | Found Teywitu's Assorted Antiques.
  2263 | D:3      | Reached XP level 5. HP: 46/47 MP: 4/4
  2278 | D:3      | Bought a scroll labelled ANAREOGREO for 32 gold pieces
  2302 | D:3      | Found Ceffyrr's Book Boutique.
  2416 | D:3      | Found Voxeted's Book Shop.
  2911 | D:4      | Noticed a black bear
  2917 | D:4      | Killed a black bear
  2918 | D:4      | Reached skill level 5 in Long Blades
  2953 | D:4      | Found a snail-covered altar of Cheibriados.
  2978 | D:4      | Reached XP level 6. HP: 52/53 MP: 5/5
  3058 | D:4      | Reached skill level 6 in Long Blades
  3058 | D:4      | Reached skill level 5 in Armour
  3058 | D:4      | Reached skill level 1 in Dodging
  3209 | D:4      | Found a basalt altar of Yredelemnul.
  3260 | D:4      | Reached skill level 5 in Fighting
  3413 | D:4      | Reached skill level 5 in Shields
  3413 | D:4      | Reached XP level 7. HP: 51/61 MP: 6/6
  3479 | D:4      | Found a staircase to the Ecumenical Temple.
  3494 | Temple   | Entered the Ecumenical Temple
  3915 | D:5      | Entered Level 5 of the Dungeon
  4096 | D:4      | Reached skill level 7 in Long Blades
  4341 | D:5      | HP: 2/61 [burnt (4)]
  4600 | D:5      | Reached skill level 8 in Long Blades
  4623 | D:5      | Reached XP level 8. HP: 69/69 MP: 7/7
  5769 | D:6      | Reached skill level 9 in Long Blades
  6628 | D:7      | Reached XP level 9. HP: 66/75 MP: 8/8
  6672 | D:7      | Noticed Jeremiah
  6673 | D:7      | Noticed Dowan
  6722 | D:7      | Killed Dowan
  6731 | D:7      | Noticed Menkaure
  6733 | D:7      | Noticed Duvessa
  6857 | D:6      | Killed Duvessa
  6911 | D:7      | Killed Menkaure
  7341 | D:8      | Found Viysod's Antique Armour Boutique.
  7443 | D:8      | Reached skill level 10 in Long Blades
  7460 | D:8      | Found a hide-covered altar of Uskayaw.
  8283 | D:8      | Reached skill level 11 in Long Blades
  8305 | D:8      | Reached XP level 10. HP: 69/86 MP: 9/9
  8825 | D:9      | Noticed Harold
  8845 | D:9      | Killed Harold
  8846 | D:9      | Reached skill level 1 in Stealth
  9084 | D:9      | Reached skill level 12 in Long Blades
  9378 | D:9      | Found a staircase to the Orcish Mines.
 10237 | D:10     | Entered Level 10 of the Dungeon
 10271 | D:10     | Found a flagged portal.
 10292 | D:10     | Killed from afar by an acid dragon

Illustrated notes

Levels and vault maps discovered:
D:1:      dpeg_chamrin_arrival_tetris, layout_loops_corners,
          hellmonk_ecumenical_altar_blasted
D:2:      layout_basic, serial_shops, nicolae_shop_trees
D:3:      layout_basic, serial_shops, nicolae_shop_tiny_real_fake_doors,
          nicolae_shop_window_shopping, shop, st_stairs_2, minmay_crystal_water,
          serial_bayou_crossing
D:4:      minmay_door_path, layout_gridville, mainiacjoe_overflow_alcove_2,
          cheibriados_altar_1, minmay_temple_entry_statues_fountains,
          skrybe_limestone_x
D:5:      layout_basic
D:6:      layout_cave_pods, serial_undead, serial_undead_a, serial_undead_f,
          serial_undead_e, serial_undead_a
D:7:      layout_cave_pools, grunt_temple_overflow_open,
          nicolae_shop_sticking_my_neck_out, uniq_duvessa, uniq_maggie,
          uniq_jeremiah, uniq_menkaure
D:8:      layout_gridville, mainiacjoe_overflow_alcove_1, serial_shops, shop
D:9:      layout_loops_ring, erik_orc_3, uniq_harold
D:10:     layout_cave_pools, lair_entry_dummy, serial_shops,
          nicolae_shop_statue_plus, enter_bailey_3, minmay_orc_keep
Temple:   nicolae_temple_god_jail

Skill      XL: |  1  2  3  4  5  6  7  8  9 10 |
---------------+-------------------------------+-----
Fighting       | 4 5 6 7 8 |  8.5
Armour         | 4 5 7 8 9 |  9.4
Long Blades    | 3 4 5 6 8 9 11 12 | 12.9
Shields        | 4 5 6 7 9 |  9.8
Dodging        | 1 2 3 |  3.1
Stealth        | 1 |  1.0

Action                     |  1- 3 |  4- 6 |  7- 9 | 10-12 || total
---------------------------+-------+-------+-------+-------++-------
  Melee: Long sword        |   129 |   139 |   260 |       ||   528
         Headbutt          |    15 |    18 |    88 |    37 ||   158
         Demon blade       |       |       |   152 |   160 ||   312
    Use: Potion            |     3 |       |     3 |     3 ||     9
         Scroll            |     2 |     1 |     3 |     4 ||    10
 Armour: Chain mail        |   110 |    90 |   258 |    19 ||   477
         Scale mail        |     3 |       |       |       ||     3
         Plate armour      |       |       |       |    84 ||    84
  Dodge: Dodged            |    44 |    32 |   146 |    37 ||   259
  Block: Buckler           |    43 |    77 |   246 |    70 ||   436
         Reflection        |       |     3 |     9 |    10 ||    22
